 Dungeon Crawl Stone Soup version 0.23.1-37-gaa34b87b72 (webtiles) character file.

Game seed: 9123049498926903385

63 PikkenKukken the Chopper (level 4, -17/40 HPs)
             Began as a Hill Orc Monk on Mar 22, 2019.
             Demolished by an ogre
             ... wielding a cursed -1 giant club
              (22 damage)
             ... on level 2 of the Dungeon.
             The game lasted 00:03:09 (1584 turns).

PikkenKukken the Chopper (Hill Orc Monk)            Turns: 1584, Time: 00:03:09

Health: -17/40     AC:  6    Str: 13 (14) XL:     4   Next: 10%
Magic:  4/4        EV: 10    Int:  7 (10) God:
Gold:   89         SH:  0    Dex: 11 (13) Spells: 3/3 levels left

rFire    . . .     SeeInvis .   a - +1 hand axe
rCold    . . .     Gourm    .   (no shield)
rNeg     . . .     Faith    .   k - +0 scale mail
rPois    .         Spirit   .   (no helmet)
rElec    .         Reflect  .   (no cloak)
rCorr    .         Harm     .   (no gloves)
MR       .....                  (no boots)
Stlth    ..........             (no amulet)
HPRegen  0.13/turn              (no ring)
MPRegen  0.09/turn              (no ring)

@: no status effects
A: no striking features
a: no special abilities


You were on level 2 of the Dungeon.
You were very hungry.

You visited 1 branch of the dungeon, and saw 2 of its levels.

You collected 89 gold pieces.

Inventory:

Hand Weapons
 a - a +1 hand axe (weapon)
Missiles
 h - a throwing net (quivered)
Armour
 k - a +0 scale mail (worn)
Jewellery
 b - a cursed ring of teleportation {unknown}
Scrolls
 e - a scroll of identify
 j - a scroll of remove curse
Potions
 d - 2 potions of curing
Comestibles
 c - 5 rations


   Skills:
 + Level 4.1 Fighting
 * Level 5.1 Axes
 + Level 1.4 Armour
 + Level 2.8 Dodging
 - Level 1.5 Stealth


You had 3 spell levels left.
You didn't know any spells.
Your spell library contained the following spells:

 Spells                   Type           Power        Failure   Level  Hunger
 Beastly Appendage        Tmut           #.....       91%         1    ##.....
 Sticks to Snakes         Tmut           #.......     97%         2    ###....
 Spider Form              Tmut/Pois      #.........   100%        3    ####...
 Ice Form                 Ice/Tmut       #.......     100%        4    #####..
 Blade Hands              Tmut           #.........   100%        5    ######.


Dungeon Overview and Level Annotations

Branches:
Dungeon (2/15)

Altars:
Cheibriados


Message History

You hit the ogre.
The ogre is heavily wounded.
The ogre hits you with a cursed -1 giant club.
You completely miss the ogre.
The ogre is heavily wounded.
You hit the ogre.
The ogre is heavily wounded.
The ogre barely misses you.
You closely miss the ogre.
The ogre is heavily wounded.
The ogre closely misses you.
You hit the ogre.
The ogre is severely wounded.
The ogre hits you with a cursed -1 giant club!
* * * LOW HITPOINT WARNING * * *
You hit the ogre.
The ogre is severely wounded.
The ogre hits you with a cursed -1 giant club!!
Ouch! That really hurt!
You die...

............##<.#
#######.#
....#####..##.#.#
#.# ......#
##.#.##.# #.#
......####..###.#
#.# ........##.##
#.##### #.#
......#.##.#
#.##.. #.###
......#....#
#.##.# #....
.##.###.####
#.##.#### #####
.##)....#
#.@O...?#
.##.#.###
####.##.#
.##.....# #.# .#
........# #.. .l
#####...# ####.##
..###.#.### .#
#....###..# .#
###.#.#.#.# )#
#### ........#.#
.$..


You could see an ogre.

Vanquished Creatures
  3 adders (D:2)
  An ooze (D:2)
  A leopard gecko (D:1)
  A giant cockroach (D:1)
  6 goblins
  A hobgoblin (D:1)
  7 jackals
  A kobold (D:2)
  A ball python (D:1)
  4 bats
  3 frilled lizards
  2 rats (D:1)
31 creatures vanquished.

Notes
Turn   | Place    | Note
-------+----------+-------------------------------------------
     0 | D:1      | PikkenKukken the Hill Orc Monk began the quest for the Orb.
     0 | D:1      | Reached XP level 1. HP: 19/19 MP: 1/1
   108 | D:1      | Found a snail-covered altar of Cheibriados.
   273 | D:1      | Reached XP level 2. HP: 26/27 MP: 2/2
   671 | D:2      | Reached skill level 1 in Armour
   671 | D:2      | Reached XP level 3. HP: 32/33 MP: 3/3
   803 | D:2      | Noticed an ogre
  1383 | D:2      | Reached skill level 5 in Axes
  1385 | D:2      | Reached XP level 4. HP: 40/40 MP: 4/4
  1584 | D:2      | Demolished by an ogre

Skill      XL: |  1  2  3 |
---------------+----------+-----
Armour         | 1 |  1.4
Fighting       | 4 |  4.1
Axes           | 5 |  5.1
Dodging        | |  2.8
Stealth        | |  1.5

Action                   |  1- 3 |  4- 6 || total
-------------------------+-------+-------++-------
Melee: Hand axe          |   126 |    19 ||   145
  Use: Scroll            |     5 |     2 ||     7
       Potion            |     1 |     3 ||     4
  Eat: Chunk             |     1 |       ||     1
Armor: Ring mail         |    21 |       ||    21
       Scale mail        |    18 |     3 ||    21
Dodge: Dodged            |    76 |     9 ||    85
